 Dungeon Crawl Stone Soup version 0.32-a0-589-g2d1f746d5d (webtiles) character file.

Game seed: 4752301534251562807

35 funkygono the Firebug (level 3, -9/19 HPs)
             Began as a Deep Elf Fire Elementalist on Mar 2, 2024.
             Mangled by Crazy Yiuf
             ... wielding a +4 quarterstaff of chaos
              (10 damage)
             ... on level 2 of the Dungeon.
             The game lasted 00:02:00 (1696 turns).

funkygono the Firebug (Deep Elf Fire Elementalist)  Turns: 1696, Time: 00:02:00

Health: -9/19      AC:  4    Str:  5    XL:     3   Next: 16%
Magic:  5/9        EV: 12    Int: 21    God:
Gold:   56         SH:  0    Dex: 15    Spells: 5/8 levels left

rFire   . . .        e - +0 dagger
rCold   . . .        (no shield)
rNeg    . . .        a - +0 robe
rPois   .            f - +1 hat
rElec   .            (no cloak)
rCorr   .            g - +0 pair of gloves
SInv    .            (no boots)
Will    .....        (no amulet)
Stlth   ++           (no ring)
HPRegen 0.23/turn    (no ring)
MPRegen 0.11/turn

%: no passive effects
@: lethally poisoned (-9 -> -23)
A: no striking features
a: no special abilities


You were on level 2 of the Dungeon.
You visited 1 branch of the dungeon, and saw 2 of its levels.

You collected 56 gold pieces.

Inventory:

Hand Weapons
 e - a +0 dagger (weapon)
Armour
 a - a +0 robe (worn)
 f - a +1 hat (worn)
 g - a +0 pair of gloves (worn)
Scrolls
 d - a scroll of vulnerability {unknown}
 h - a scroll of teleportation {unknown}
 j - 3 scrolls of identify {unknown}
 k - a scroll of enchant weapon {unknown}
Potions
 b - a potion of magic
 c - a potion of brilliance {unknown}
 i - 2 potions of curing {unknown}


   Skills:
 + Level 2.4 Dodging
 + Level 2.9 Stealth
 + Level 3.4 Spellcasting
 + Level 1.4 Conjurations
 + Level 4.1 Fire Magic


You had 5 spell levels left.
You knew the following spells:

 Your Spells              Type           Power      Damage    Failure   Level
a - Foxfire               Conj/Fire      60%        2x1d7     4%          1
b - Scorch                Fire           42%        2d6       3%          2

Your spell library contained the following spells:

 Spells                   Type           Power      Damage    Failure   Level
 Inner Flame              Hex/Fire       12%        N/A       16%         3
 Volatile Blastmotes      Fire/Tloc      24%        2d12      16%         3
 Flame Wave               Conj/Fire      15%        2d7       38%         4


Dungeon Overview and Level Annotations

Branches:
Dungeon (2/15)

Altars:

Shops:
D:1 *

Annotations:
D:2 Crazy Yiuf


Message History

Your magical contamination has completely faded away.
You see here a bat corpse.
k - a scroll labelled OGREOT QUUNYUH You now have 44 gold pieces (gained 12).
You now have 56 gold pieces (gained 12).
Found an escape hatch in the floor.
There is an escape hatch in the floor here.
Found a stone staircase leading down.
There is a stone staircase leading down here.
Found a leather armour.
You see here a +0 leather armour.
j - 2 scrolls labelled HOSECAUGOY (gained 1)
You see here 6 poisoned darts.
j - 3 scrolls labelled HOSECAUGOY (gained 1)
Found a stone staircase leading down.
i - 2 amethyst potions (gained 1)
Found two hammers.
Found a runed translucent door.
Found a hammer.
Crazy Yiuf shouts!
Could not explore, unopened runed door.
You open the door.
Crazy Yiuf laughs, "Gum!"
Casting: Scorch (safe; 3% risk of failure)
Confirm with . or Enter, or press ? or * to list all spells.
Flames lash Crazy Yiuf.
Crazy Yiuf is moderately wounded.
Crazy Yiuf's fire resistance burns away.
Crazy Yiuf hits you with a +4 quarterstaff of chaos!
Ouch! That really hurt!
* * * LOW HITPOINT WARNING * * *
You are lethally poisoned!
Casting: Scorch (safe; 3% risk of failure)
Confirm with . or Enter, or press ? or * to list all spells.
Flames lash Crazy Yiuf.
Crazy Yiuf is burned terribly!
Crazy Yiuf is severely wounded.
* * * LOW HITPOINT WARNING * * *
You feel very sick.
Crazy Yiuf hits you with a +4 quarterstaff of chaos!
Ouch! That really hurt!
You die...

#.# #....# #.#
#.# ##.## #.####
#.# #.#
#...###### #.#
#.# #.#
.........# ###
### #####.#
#...######
#.....# ##.##
#######.#####
...### ### ###
###.#..#...#
.....###.#
#...##..#.......#
####.....#
#.))g@####......#
...#####.#
#).)### ##.#..##
##.......# ###
###### #########


You could see Crazy Yiuf (combustible).

Vanquished Creatures
  A dart slug (D:1)
  3 bats
  An endoplasm (D:1)
  A giant cockroach (D:1)
  3 goblins
  5 hobgoblins
  A quokka (D:1)
  5 ball pythons
  2 frilled lizards
  5 kobolds
  4 rats
31 creatures vanquished.

Vanquished Creatures (others)
  59 foxfires
59 creatures vanquished.

Grand Total: 90 creatures vanquished

Notes
Turn   | Place    | Note
-------+----------+-------------------------------------------
     0 | D:1      | funkygono the Deep Elf Fire Elementalist began the quest
                  | for the Orb.
     0 | D:1      | Reached XP level 1. HP: 10/10 MP: 6/6
   146 | D:1      | Reached XP level 2. HP: 15/15 MP: 4/8
   475 | D:1      | Learned a level 2 spell: Scorch
   541 | D:1      | Reached skill level 4 in Fire Magic
   637 | D:1      | Found Udghopn's General Store.
  1076 | D:2      | Reached XP level 3. HP: 19/19 MP: 6/9
  1194 | D:2      | Found a faded altar of an unknown god.
  1617 | D:2      | Found a runed translucent door.
  1618 | D:2      | Noticed Crazy Yiuf
  1696 | D:2      | Mangled by Crazy Yiuf

Illustrated notes

Levels and vault maps discovered:
D:1:      dpeg_arrival_leaves_temple_mockup, layout_basic, serial_shops,
          nicolae_shop_pleasant_corner_grove
D:2:      layout_loops_ring, chequers_ecumenical_altar_simple_redux,
          uniq_crazy_yiuf_cottage

Skill      XL: |  1  2 |
---------------+-------+-----
Fire Magic     | 4 |  4.1
Dodging        | |  2.4
Stealth        | |  2.9
Spellcasting   | |  3.4
Conjurations   | |  1.4

Action                     || total
---------------------------++-------
   Cast: Foxfire           ||    38
         Scorch            ||    10
    Use: Scroll            ||     1
 Armour: Robe              ||     3
  Dodge: Dodged            ||     1

Table legend: (Time is in decaauts)
 A = Elapsed time spent in this place.
 B = Non-inter-level travel time spent in this place.
 C = Inter-level travel time spent in this place.
 D = Time resting spent in this place.
 E = Time spent auto-exploring this place.
 F = Levels seen in this place.
 G = Mean time per level.
                   A        B        C        D        E       F      G
               +--------+--------+--------+--------+--------+-----+--------+
         Total |   1695 |   1668 |     27 |      2 |   1468 |   2 |  847.5 |
       Dungeon |   1695 |   1668 |     27 |      2 |   1468 |   2 |  847.5 |
               +--------+--------+--------+--------+--------+-----+--------+

Top non-repeatable levels by time:
     D:2: 862 daAuts
     D:1: 832 daAuts
